 Dungeon Crawl Stone Soup version 0.28-a0-925-gd5e1996cdb (webtiles) character file.

Game seed: 1870761609507817954

308 tsouns the Conjurer (level 6, 0/24 HPs)
             Began as a Felid Conjurer on Nov 26, 2021.
             Was a Believer of Makhleb.
             Slain by a hound (4 damage)
             ... on level 6 of the Dungeon.
             The game lasted 00:12:40 (7030 turns).

tsouns the Conjurer (Felid Conjurer)                Turns: 7030, Time: 00:12:41

Health: 0/24       AC:  2    Str:  3    XL:     6   Next: 16%
Magic:  15/15      EV: 17    Int: 21    God:    Makhleb [**....]
Gold:   186        SH:  0    Dex: 15    Spells: 6/16 levels left
                                        Lives:  0   Deaths: 2

rFire   . . .      SeeInvis +   (weapon unavailable)
rCold   . . .      Faith    .   (shield unavailable)
rNeg    . . .      Spirit   .   (armour unavailable)
rPois   .          Reflect  .   (helmet unavailable)
rElec   .          Harm     .   (cloak unavailable)
rCorr   .          Rampage  .   (gloves unavailable)
Will    .....                   (boots unavailable)
Stlth   ++........              (no amulet)
HPRegen 0.08/turn               (no ring)
MPRegen 0.14/turn               (no ring)

@: quick
A: very small, claws 1, fangs 3, see invisible, speed 1, shaggy fur 2, stealthy
paws, no weapons or thrown items, no armour, multi-lived
a: Renounce Religion, Minor Destruction


You were on level 6 of the Dungeon.
You worshipped Makhleb.
Makhleb was pleased with you.
You visited 1 branch of the dungeon, and saw 6 of its levels.

You collected 186 gold pieces.

Inventory:

Wands
 a - a wand of digging (3)
 d - a wand of polymorph (4)
 f - a wand of mindburst (5)
Scrolls
 b - a scroll of fog
 c - 2 scrolls of teleportation
 j - a scroll of identify
Potions
 e - a potion of brilliance {unknown}
 g - 2 potions of mutation
 h - 2 potions of curing
 i - 2 potions of magic {unknown}


   Skills:
 - Level 2.6 Dodging
 - Level 2.6 Stealth
 + Level 5.8 Spellcasting
 + Level 6.6 Conjurations
 + Level 5.7 Translocations


You had 6 spell levels left.
You knew the following spells:

 Your Spells              Type           Power      Damage    Failure   Level
a - Magic Dart            Conj           100%       1d8       1%          1
b - Searing Ray           Conj           66%        2d6       1%          2
c - Dazzling Flash        Conj/Hex       38%        N/A       8%          3
d - Iskenderun's Mystic   Conj/Tloc      31%        2d8       8%          4

Your spell library contained the following spells:

 Spells                   Type           Power      Damage    Failure   Level
 Stone Arrow              Conj/Erth      38%        3d9       8%          3
 Sandblast                Erth           12%        2d6       10%         1
 Passwall                 Tmut/Erth      5%         N/A       16%         2
 Fulminant Prism          Conj/Hex       9%         3d7       26%         4
 Swiftness                Air            6%         N/A       30%         3


Dungeon Overview and Level Annotations

Branches:
Dungeon (6/15)             Temple (0/1) D:4

Altars:
Dithmenos
Hepliaklqana
Kikubaaqudgha
Makhleb
Nemelex Xobeh
Qazlal
Yredelemnul
Zin

Shops:
D:1 (   D:4 [


Innate Abilities, Weirdness & Mutations

You have sharp claws.
You have razor-sharp teeth.
You have supernaturally acute eyesight. (SInv)
You cover ground quickly. (Speed+)
You are covered in thick fur. (AC +2)
Your paws help you pounce on unaware monsters.
You are incapable of wielding weapons or throwing items.
You cannot wear armour.
You gain extra lives every three experience levels.


Message History

h - 2 potions of curing (gained 1)
A hound comes into view.
A hound is nearby!
Found 15 gold pieces.
The hound closely misses you. The hound bites you.
The hound pauses to sniff the ground.
The hound barely misses you. The hound closely misses you.
The hound barely misses you. The hound closely misses you.
The hound misses you. The hound barely misses you. The hound bites you.
The hound misses you. The hound closely misses you. The hound misses you.
The hound bites you. The hound closely misses you. The hound bites you.
The hound completely misses you. The hound misses you.
The hound barely misses you. The hound closely misses you.
The hound barely misses you. x2
The hound misses you. The hound bites you. The hound misses you.
The hound barely misses you. The hound misses you.
The hound bites you but does no damage. The hound barely misses you.
The hound bites you. The hound completely misses you.
The hound barely misses you. The hound barely misses you. x2
The hound completely misses you. The hound completely misses you.
The hound bites you. The hound misses you. The hound misses you.
The hound bites you but does no damage. The hound misses you.
The hound bites you. The hound closely misses you. The hound bites you.
* * * LOW HITPOINT WARNING * * *
The hound bites you.
* * * LOW HITPOINT WARNING * * *
The hound bites you.
You die...

###.#..>.................
......###.##....##.####.
.##.##[###.##.(.......##.
# #.........##..........#.
#####.######..........#.
#.# ###........#.
.#####.########........#.
..........................
#######..@.....###.#.##.#.
###h..$......#.#..#.
#........#.#.#....
#........ #......
#........ ####.#.
#........ #.#.
#........#+####.#.
#####.#.......#.#.
#.......#.#.


You could see a hound.

Vanquished Creatures
  Sigmund (D:2)
  A water moccasin (D:5)
  A necrophage (D:5)
  2 ice beasts
  A phantom (D:4)
  A scorpion (D:4)
  2 hounds (D:5)
  A bullfrog skeleton (D:5)
  Jessica (D:3)
  An iguana (D:5)
  3 orc wizards
  A hound skeleton (D:4)
  5 adders
  A shadow imp (D:6)
  2 ufetubi (D:5)
  An adder skeleton (D:4)
  3 worms
  2 dart slugs
  22 orcs
  4 ball pythons
  2 bats
  7 endoplasms
  A giant cockroach (D:4)
  4 goblins
  A hobgoblin (D:3)
  2 jackals (D:2)
  3 quokkas
  A ball python zombie (D:3)
  2 frilled lizards
  A giant cockroach zombie (D:3)
  2 kobolds
  2 rats
  A spectral orc (D:6)
85 creatures vanquished.

Vanquished Creatures (others)
  2 plants (D:2)
2 creatures vanquished.

Grand Total: 87 creatures vanquished

Notes
Turn   | Place    | Note
-------+----------+-------------------------------------------
     0 | D:1      | tsouns the Felid Conjurer began the quest for the Orb.
     0 | D:1      | Reached XP level 1. HP: 7/7 MP: 4/4
   462 | D:1      | Found Typhozum's Antique Weapon Shop.
   757 | D:2      | Reached XP level 2. HP: 9/11 MP: 1/6
   902 | D:2      | Found a faded altar of an unknown god.
   910 | D:2      | Prayed at the altar of an unknown god.
   910 | D:2      | Became a worshipper of Makhleb the Destroyer
   910 | D:2      | Reached * piety under Makhleb
   955 | D:2      | Found an ancient bone altar of Kikubaaqudgha.
   981 | D:2      | Reached skill level 4 in Conjurations
  1141 | D:2      | Noticed Sigmund
  1149 | D:2      | Learned a level 2 spell: Searing Ray
  1348 | D:3      | Reached XP level 3. HP: 9/14 MP: 0/8
  2215 | D:3      | Noticed Jessica
  2218 | D:3      | Killed Jessica
  2219 | D:3      | Reached XP level 4. HP: 18/18 MP: 5/9
  2498 | D:3      | Found a burning altar of Makhleb.
  3148 | D:2      | Killed Sigmund
  3149 | D:2      | Reached skill level 5 in Conjurations
  3149 | D:2      | Reached XP level 5. HP: 21/21 MP: 3/12
  3416 | D:3      | Gained mutation: You are covered in thick fur. (AC +2)
                  | [Felid growth]
  3416 | D:3      | Reached XP level 6. HP: 24/24 MP: 4/13
  3797 | D:3      | Found a basalt altar of Yredelemnul.
  3803 | D:3      | Learned a level 3 spell: Dazzling Flash
  3808 | D:3      | Learned a level 4 spell: Iskenderun's Mystic Blast
  3906 | D:4      | Found an ancient bone altar of Kikubaaqudgha.
  3915 | D:4      | Reached ** piety under Makhleb
  3981 | D:4      | You fall into a shaft and drop 2 floors!
  4038 | D:5      | Entered Level 5 of the Dungeon
  4091 | D:5      | Reached skill level 1 in Translocations
  4450 | D:5      | Noticed a water moccasin
  4455 | D:5      | Killed a water moccasin
  4579 | D:4      | Reached XP level 7. HP: 27/27 MP: 8/15
  4668 | D:4      | Reached skill level 5 in Spellcasting
  4772 | D:4      | Found a shadowy altar of Dithmenos.
  4887 | D:4      | Reached skill level 6 in Conjurations
  5208 | D:4      | Found Zuig's Armour Boutique.
  5648 | D:4      | Found a staircase to the Ecumenical Temple.
  6055 | D:5      | Found a stormy altar of Qazlal.
  6224 | D:5      | Found a sparkling altar of Nemelex Xobeh.
  6384 | D:5      | Found a glowing silver altar of Zin.
  6392 | D:5      | Reached skill level 5 in Translocations
  6597 | D:6      | Mangled by a wyvern skeleton
  6598 | D:6      | Reached XP level 6. HP: -8/24 MP: 4/15
  6600 | D:6      | Noticed an ice beast
  6608 | D:6      | Killed an ice beast
  6609 | D:6      | Reached XP level 7. HP: 18/27 MP: 7/16
  6721 | D:6      | Found a hazy altar of Hepliaklqana.
  6963 | D:6      | Slain by a phantom
  6964 | D:6      | Reached XP level 6. HP: -1/24 MP: 8/15
  7030 | D:6      | Slain by a hound

Illustrated notes

Levels and vault maps discovered:
D:1:      amcnicky_arrival_flooded_fountain, layout_basic, serial_shops,
          nicolae_shop_waterfront
D:2:      layout_basic, shapermc_ecumenical_altar_mp_ritualfount, basic_altar,
          uniq_sigmund
D:3:      layout_loops_ring, lemuel_zombie_altar_yredelemnul,
          mainiacjoe_overflow_paths, uniq_jessica
D:4:      layout_basic, nicolae_dithmenos_the_darkroom,
          overflow_temple_1_default, minmay_temple_entry_fiery, serial_shops,
          nicolae_shop_waterfront, grunt_decor_clamped
D:5:      layout_loops_ring, mainiacjoe_overflow_tiny_flanked,
          old_standard_altar, mainiacjoe_overflow_alcove_4,
          kennysheep_generic_room_11
D:6:      layout_basic, nicolae_hepliaklqana_monster_ancestors, uniq_duvessa

Skill      XL: |  1  2  3  4  5  6  7 |
---------------+----------------------+-----
Conjurations   | 4 5 6 |  6.6
Spellcasting   | 3 4 5 |  5.8
Translocations | 3 5 |  5.7
Dodging        | |  2.6
Stealth        | |  2.6

Action                   |  1- 3 |  4- 6 |  7- 9 || total
-------------------------+-------+-------+-------++-------
Melee: Unarmed           |     4 |       |     8 ||    12
       Bite              |       |       |     1 ||     1
 Cast: Magic Dart        |    81 |    74 |    63 ||   218
       Searing Ray       |     1 |    18 |    13 ||    32
       Iskenderun's Myst |       |       |     2 ||     2
  Use: Scroll            |     3 |     4 |       ||     7
       Potion            |     2 |       |       ||     2
Armor: Skin              |       |     3 |     6 ||     9
Dodge: Dodged            |    20 |    50 |    35 ||   105

Table legend: (Time is in decaauts)
 A = Elapsed time spent in this place.
 B = Non-inter-level travel time spent in this place.
 C = Inter-level travel time spent in this place.
 D = Time resting spent in this place.
 E = Time spent auto-exploring this place.
 F = Levels seen in this place.
 G = Mean time per level.
                   A        B        C        D        E       F      G
               +--------+--------+--------+--------+--------+-----+--------+
         Total |   6296 |   6152 |    144 |      0 |   5218 |   6 | 1049.3 |
       Dungeon |   6296 |   6152 |    144 |      0 |   5218 |   6 | 1049.3 |
               +--------+--------+--------+--------+--------+-----+--------+

Top non-repeatable levels by time:
     D:3: 1888 daAuts
     D:5: 1246 daAuts
     D:4: 1091 daAuts
     D:2: 851 daAuts
     D:1: 778 daAuts
     D:6: 440 daAuts
